 Dungeon Crawl Stone Soup version 0.31.0 (webtiles) character file.

Game seed: 3144751242031923199

91 qw the Shooter (level 4, -1/28 HPs)
             Began as a Gargoyle Hunter on Jan 19, 2024.
             Slain by an orc wizard
             ... wielding a +0 dagger
              (2 damage)
             ... on level 3 of the Dungeon.
             The game lasted 00:00:07 (1694 turns).

qw the Shooter (Gargoyle Hunter)                    Turns: 1694, Time: 00:00:07

Health: -1/28      AC:  8    Str: 14    XL:     4   Next: 57%
Magic:  4/4        EV: 15    Int: 10    God:
Gold:   84         SH:  0    Dex: 15    Spells: 3/3 levels left

rFire   . . .        a - +0 shortbow
rCold   . . .        (shield currently unavailable)
rNeg    + . .        l - +0 ring mail
rPois   inf          (no helmet)
rElec   +            (no cloak)
rCorr   .            (no gloves)
SInv    .            (no boots)
Will    .....        (no amulet)
Stlth   +            g - +5 ring of evasion
HPRegen 0.24/turn    (no ring)
MPRegen 0.09/turn

%: no passive effects
@: about to teleport
A: sickness immunity, AC +3, negative energy resistance 1, electricity
resistance, torment resistance 1, petrification resistance
a: no special abilities


You were on level 3 of the Dungeon.
You visited 1 branch of the dungeon, and saw 3 of its levels.

You collected 84 gold pieces.


Innate Abilities, Weirdness & Mutations

You are immune to sickness and miasma.
Your stone body is resilient. (AC +3)
You are immune to poison.
You resist negative energy. (rN+)
You are resistant to electric shocks. (rElec)
You are resistant to unholy torment.
You are immune to petrification.


   Skills:
 - Level 3.0 Fighting
 + Level 5.3 Ranged Weapons
 - Level 1.2 Armour
 - Level 1.5 Dodging
 - Level 1.1 Stealth


You had 3 spell levels left.
You didn't know any spells.
Your spell library was empty.

Inventory:

Hand Weapons
 a - a +0 shortbow (weapon)
Armour
 l - a +0 ring mail (worn)
Jewellery
 g - a +5 ring of evasion (left hand)
Scrolls
 d - 3 scrolls of teleportation
Potions
 f - a potion of resistance {unknown}
 i - a potion of brilliance {unknown}
 j - a potion of mutation {unknown}
 m - a potion of might {unknown}

Dungeon Overview and Level Annotations

Branches:
Dungeon (3/15)

Altars:


Message History

The orc wizard is heavily wounded.
You shoot an arrow. The arrow misses the orc wizard.
The orc wizard points at you and mumbles some strange words.
You are confused.
1683 ||| DRINKING potion of curing.
You feel better.
1683 ||| (to cure confusion)
You shoot an arrow.
The arrow closely misses the orc wizard.
The orc priest hits you with a +0 mace. The orc wizard misses you.
You shoot an arrow. The arrow barely misses the orc wizard.
The orc priest hits you but does no damage.
The orc wizard points at you and mumbles some strange words.
You are confused.
The orc priest hits you but does no damage.
The orc wizard casts a spell.
The orc wizard flickers and vanishes!
Deactivating autopickup; reactivate with Ctrl-A.
Something hits you. The orc priest barely misses you.
The orc priest calls down the wrath of Beogh upon you.
Beogh smites you!
Ouch! That really hurt!
Something hits you but does no damage. Something hits you but does no damage.
The orc priest hits you but does no damage.
Something hits you but does no damage. The orc priest closely misses you.
The orc priest hits you but does no damage.
Something hits you but does no damage. Something barely misses you.
The orc priest hits you with a +0 mace.
You feel less confused. The orc priest hits you with a +0 mace.
Something hits you but does no damage.
1693 ||| READING 4 scrolls of teleportation.
As you read the scroll of teleportation, it crumbles to dust.
You feel strangely unstable.
The orc priest hits you but does no damage.
Something hits you.
You shoot an arrow. The arrow hits the orc priest.
The orc priest is heavily wounded.
The orc priest looks encouraged for a moment.
Something hits you.
You die...

#.##.#.#+##+## #.#..#.#
#. .# #.#....# ##. ..
#.#..### .#. .## #.#..#
.) .. #.#..# ### #.#.#
#.#..# #.. .).#
#.#..###.##.# #o.#
.........##.####@{####
..#..######..........##
..#.....###.............
........................
......#.###.############
......#.# #.# ......#.#
#.# ......#.###.#######
.............<.....


You could see an orc priest.

Vanquished Creatures
  4 adders (D:2)
  A ribbon worm (D:2)
  A dart slug (D:1)
  2 orcs (D:3)
  4 ball pythons
  5 endoplasms (D:1)
  3 giant cockroaches
  4 goblins (D:1)
  3 jackals (D:1)
  3 quokkas (D:1)
  7 bats
  2 frilled lizards
  3 kobolds
  4 rats
46 creatures vanquished.

Notes
Turn   | Place    | Note
-------+----------+-------------------------------------------
     0 | D:1      | qw the Gargoyle Hunter began the quest for the Orb.
     0 | D:1      | Reached XP level 1. HP: 12/12 MP: 1/1
     0 | D:1      | 0 ||| qw: Version: 0.3-a-132-g3d54051
     0 | D:1      | 0 ||| qw: Game counter: 3
     0 | D:1      | 0 ||| qw: Melee chars always use a shield: true
     0 | D:1      | 0 ||| qw: God list: Okawaru
     0 | D:1      | 0 ||| qw: Allow faded altars: false
     0 | D:1      | 0 ||| qw: Do Orc after clearing Dungeon:15 true
     0 | D:1      | 0 ||| qw: Do second Lair branch before Depths: true
     0 | D:1      | 0 ||| qw: Lair rune preference: random
     0 | D:1      | 0 ||| qw: Goals: Normal
     0 | D:1      | 0 ||| PLANNING D:1-11
    51 | D:1      | Reached XP level 2. HP: 11/17 MP: 2/2
   306 | D:1      | Reached XP level 3. HP: 13/21 MP: 3/3
   310 | D:1      | Reached skill level 5 in Ranged Weapons
   726 | D:1      | 726 ||| UPGRADING to +0 ring mail.
   736 | D:1      | 736 ||| DROPPING +0 leather armour.
   737 | D:1      | 737 ||| UPGRADING to +5 ring of evasion.
   738 | D:1      | 738 ||| READING 2 scrolls labelled JOOSMU PUTZEI.
   741 | D:1      | 741 ||| READING scroll labelled EVEBLO QELLOAS.
   742 | D:1      | 742 ||| READING scroll labelled KAEMUYXTUDGHA.
   742 | D:1      | 742 ||| IDENTIFYING fuming puce potion
   743 | D:1      | 743 ||| READING scroll labelled HEEPON LOIROECK.
   760 | D:1      | 760 ||| DROPPING scroll of butterflies.
   826 | D:2      | 826 ||| FLEEEEING.
   831 | D:2      | 831 ||| STAIRDANCE
   951 | D:2      | Reached skill level 1 in Armour
   986 | D:2      | Reached XP level 4. HP: 27/27 MP: 4/4
   995 | D:2      | Reached skill level 3 in Fighting
  1469 | D:2      | 1469 ||| READING scroll labelled EZYNEU WIAT.
  1470 | D:2      | 1470 ||| READING scroll labelled SUTIOBR PUEHA.
  1470 | D:2      | 1470 ||| ENCHANTING +0 shortbow.
  1471 | D:2      | 1471 ||| DRINKING 2 amethyst potions.
  1472 | D:2      | 1472 ||| DRINKING 2 glowing sapphire potions.
  1577 | D:2      | 1577 ||| DROPPING potion of invisibility.
  1578 | D:2      | 1578 ||| DROPPING potion of berserk rage.
  1683 | D:3      | 1683 ||| DRINKING potion of curing.
  1683 | D:3      | 1683 ||| (to cure confusion)
  1691 | D:3      | HP: 6/28 [orc priest/+0 mace (3)]
  1692 | D:3      | HP: 2/28 [orc priest/+0 mace (4)]
  1693 | D:3      | 1693 ||| READING 4 scrolls of teleportation.
  1694 | D:3      | Slain by an orc wizard

Levels and vault maps discovered:
D:1:      doesnt_arrival_eight_statues, layout_basic, minmay_3d_cube
D:2:      layout_loops_ring
D:3:      layout_basic, zin_statuary, nicolae_figureground_sparkle

Skill      XL: |  1  2  3  4 |
---------------+-------------+-----
Ranged Weapons | 5 |  5.3
Armour         | 1 |  1.2
Fighting       | 3 |  3.0
Dodging        | |  1.5
Stealth        | |  1.1

Action                     |  1- 3 |  4- 6 || total
---------------------------+-------+-------++-------
   Fire: Shortbow          |   135 |    52 ||   187
    Use: Scroll            |     4 |     3 ||     7
         Potion            |       |     3 ||     3
 Armour: Leather armour    |    32 |       ||    32
         Ring mail         |    12 |    31 ||    43
  Dodge: Dodged            |    59 |    39 ||    98

Table legend:
 A = Non-vault XP
 B = Vault XP
 C = Vault XP percentage of total XP
 D = Non-vault monster count
 E = Vault monster count
 F = Vault count percentage of total count
                 A         B        C        D         E       F
            +---------+---------+-------+---------+---------+-------
      Total |     128 |       2 |   1.5 |      45 |       1 |   2.2
            +---------+---------+-------+---------+---------+-------
        D:1 |      52 |       2 |   3.7 |      29 |       1 |   3.3
        D:2 |      70 |       0 |   0.0 |      14 |       0 |   0.0
        D:3 |       6 |       0 |   0.0 |       2 |       0 |   0.0
            +---------+---------+-------+---------+---------+-------
